 Dungeon Crawl Stone Soup version 0.24-a0-434-gd57e52fea8 (webtiles) character file.

Game seed: 6551137188181228861

21 OCTOBOI the Caller (level 2, 0/27 HPs)
             Began as an Octopode Summoner on June 15, 2019.
             Was an Initiate of Elyvilon.
             Succumbed to an adder's poison
             ... on level 2 of the Dungeon.
             The game lasted 00:06:42 (1080 turns).

OCTOBOI the Caller (Octopode Summoner)              Turns: 1080, Time: 00:06:42

Health: 0/27       AC: 21    Str:  7    XL:     2   Next: 87%
Magic:  4/5        EV:  2    Int: 17    God:    Elyvilon [......]
Gold:   90         SH:  0    Dex: 12    Spells: 2/5 levels left

rFire    . . .     SeeInvis .   (no weapon)
rCold    . . .     Gourm    .   (no shield)
rNeg     + + +     Faith    .   (helmet currently unavailable)
rPois    +         Spirit   .   (no amulet)
rElec    .         Reflect  .   (no ring)
rCorr    .         Harm     .   (no ring)
MR       .....     NoTele   +   (no ring)
Stlth    ++........             (no ring)
HPRegen  0.09/turn              (no ring)
MPRegen  0.09/turn              (no ring)
                                (no ring)
                                (no ring)

@: lethally poisoned (0 -> -2), tree-form
A: almost no armour, stealthy swim, (amphibious), 8 rings, (constrict 8)
a: Renounce Religion


You were on level 2 of the Dungeon.
You worshipped Elyvilon.
Elyvilon was noncommittal.
You were not hungry.
You were a tree.
You visited 1 branch of the dungeon, and saw 2 of its levels.

You collected 90 gold pieces.

Inventory:

Missiles
 i - 53 stones (quivered)
Jewellery
 c - a +2 amulet of reflection {unknown}
 f - an uncursed ring of stealth {unknown}
 k - a +2 amulet of reflection {unknown}
Scrolls
 a - 2 scrolls of teleportation {unknown}
 h - a scroll of identify
Potions
 e - a potion of curing
 g - a potion of agility {unknown}
 j - a potion of lignification
Comestibles
 b - 3 rations
 d - a chunk of flesh


   Skills:
 + Level 1.1 Fighting
 - Level 2.0 Dodging
 - Level 2.6 Stealth
 + Level 2.3 Spellcasting
 + Level 4.3 Summonings


You had 2 spell levels left.
You knew the following spells:

 Your Spells              Type           Power        Failure   Level  Hunger
a - Summon Small Mammal   Summ           ###.         3%          1    #......
b - Call Imp              Summ           ###.....     4%          2    ##.....

Your spell library contained the following spells:

 Spells                   Type           Power        Failure   Level  Hunger
 Call Canine Familiar     Summ           ###.....     10%         3    ###....
 Summon Guardian Golem    Hex/Summ       #.......     24%         3    ###....
 Summon Ice Beast         Ice/Summ       #.......     61%         4    #####..
 Summon Lightning Spire   Summ/Air       #.......     61%         4    #####..


Dungeon Overview and Level Annotations

Branches:
Dungeon (2/15)

Altars:
Elyvilon

Annotations:
D:2 exclusions: dart slug and worker ant


Innate Abilities, Weirdness & Mutations

You cannot wear most types of armour.
You are very stealthy in the water. (Stealth+)
((You are amphibious.))
You can wear up to eight rings at the same time.
((You can use your tentacles to constrict eight enemies at once.))
((Your skin changes colour to match your surroundings (Stealth+).))
((Your rubbery body absorbs attacks. (AC +1, EV +1)))


Message History

Gang up on whom?
Press: ? - help, Dir - move target cursor, f - goblin
Aim: a goblin Attack!
* * * LOW HITPOINT WARNING * * *
You feel sick. The goblin hits your quokka.
Your quokka barely misses the goblin.
Your quokka bites the goblin.
The goblin dies!
* * * LOW HITPOINT WARNING * * *
You feel sick.
* * * LOW HITPOINT WARNING * * *
You feel sick.
* * * LOW HITPOINT WARNING * * *
You feel sick.
* * * LOW HITPOINT WARNING * * *
You feel sick.
Your quokka disappears in a puff of smoke!
As you read the scroll of identify, it crumbles to dust.
e - a potion of curing You die...

...⌠...#.# _........# #####
...⌠.....# #...#
.......#.### #...#
.#.#.#.....# #...# ###
...........###...###.# ..
###........#.........# ?...
#
#........#(#...r##.###.....
#
#........#.#..♣r...?......#
#
#.....>....#......%.......#
#
############..............#
# #..............# #
#..............# #
##.............# #
#.............# #
##............# #
#............


You could see a friendly quokka and a friendly rat.

Vanquished Creatures
  A leopard gecko (D:1)
  A goblin (D:1)
  A hobgoblin (D:1)
  5 bats
  A frilled lizard (D:2)
  A rat (D:2)
10 creatures vanquished.

Vanquished Creatures (collateral kills)
  An adder (D:2)
  A giant cockroach (D:1)
  4 goblins
  2 frilled lizards (D:1)
  2 kobolds (D:1)
10 creatures vanquished.

Grand Total: 20 creatures vanquished

Notes
Turn   | Place    | Note
-------+----------+-------------------------------------------
     0 | D:1      | OCTOBOI the Octopode Summoner began the quest for the Orb.
     0 | D:1      | Reached XP level 1. HP: 11/11 MP: 3/3
   483 | D:1      | Reached XP level 2. HP: 18/18 MP: 5/5
   755 | D:1      | Learned a level 2 spell: Call Imp
   943 | D:2      | Found a white marble altar of Elyvilon.
   971 | D:2      | Reached skill level 1 in Fighting
   980 | D:2      | Became a worshipper of Elyvilon the Healer
  1076 | D:2      | HP: 1/27 [poisoned by an adder]
  1080 | D:2      | Succumbed to an adder's poison

Levels and vault maps discovered:
D:1:      minmay_arrival_loop, layout_basic
D:2:      layout_basic, lemuel_doored_altar, elyvilon_altar_5

Skill      XL: |  1  2 |
---------------+-------+-----
Fighting       | 1 |  1.1
Dodging        | |  2.0
Stealth        | |  2.6
Spellcasting   | |  2.3
Summonings     | |  4.3

Action                   || total
-------------------------++-------
Melee: Unarmed           ||    31
       Constrict         ||     7
       Tentacles         ||     4
Throw: Stone             ||     3
 Cast: Summon Small Mamm ||    15
  Use: Scroll            ||     2
       Potion            ||     1
 Stab: Sleeping          ||     6
  Eat: Chunk             ||     1
Armor: Skin              ||     8
Dodge: Dodged            ||    18

Table legend:
 A = Non-vault XP
 B = Vault XP
 C = Vault XP percentage of total XP
 D = Non-vault monster count
 E = Vault monster count
 F = Vault count percentage of total count
                 A         B        C        D         E       F
            +---------+---------+-------+---------+---------+-------
      Total |      31 |       0 |   0.0 |      20 |       0 |   0.0
            +---------+---------+-------+---------+---------+-------
        D:1 |      17 |       0 |   0.0 |      13 |       0 |   0.0
        D:2 |      14 |       0 |   0.0 |       7 |       0 |   0.0
            +---------+---------+-------+---------+---------+-------
